 Dungeon Crawl Stone Soup version 0.17.0-28-g6e173f8 (webtiles) character file.

104 septik the Insei (level 4, 0/23 HPs)
             Began as a Vine Stalker Monk on Nov 25, 2015.
             Slain by a ball python (1 damage)
             ... on level 3 of the Dungeon.
             The game lasted 00:02:12 (1198 turns).

septik the Insei (Vine Stalker Monk)                Turns: 1198, Time: 00:02:12

Health: 0/23       AC:  3    Str: 13    XL:     4   Next: 80%
Magic:  0/5        EV: 16    Int: 10    God:
Gold:   91         SH:  0    Dex: 23    Spells: 0 memorised, 3 levels left

rFire  . . .     SeeInvis .       - Unarmed
rCold  . . .     Clarity  .     a - +0 robe
rNeg   . . .     SustAt   .     (no shield)
rPois  .         Gourm    .     (no helmet)
rElec  .         Spirit   +     o - +0 cloak
rCorr  .         Warding  .     (no gloves)
rMut   .         Stasis   .     (no boots)
MR     .....                    (no amulet)
Stlth  ++++......               (no ring)
                                (no ring)

@: agile, constricted, not resistant to hostile enchantments, stealthy
A: fangs 2, regeneration 1, magic shield, antimagic bite, no device heal 3, rot
immunity
a: no special abilities


You were on level 3 of the Dungeon.
You were not hungry.

You visited 1 branch of the dungeon, and saw 3 of its levels.

You collected 91 gold pieces.

Inventory:

Missiles
 n - 83 stones (quivered)
Armour
 a - a +0 robe (worn)
 o - a +0 cloak (worn)
Jewellery
 g - a cursed ring of protection from fire {unknown}
Wands
 r - a wand of flame (18)
Scrolls
 e - a scroll of amnesia {unknown}
 f - a scroll of random uselessness {unknown}
 h - 2 scrolls of enchant weapon {unknown}
 i - 4 scrolls of identify {unknown}
 j - 3 scrolls of remove curse {unknown}
 m - 2 scrolls of teleportation {unknown}
 p - a scroll of enchant armour {unknown}
 q - a scroll of magic mapping {unknown}
Potions
 d - 2 potions of agility
Comestibles
 b - 2 bread rations
 k - 3 fruits


   Skills:
 - Level 2.6 Fighting
 - Level 2.4 Dodging
 - Level 2.4 Stealth
 + Level 6.0 Unarmed Combat


You had 3 spell levels left.
You didn't know any spells.

Dungeon Overview and Level Annotations

Branches:
Dungeon (3/15)

Altars:


Innate Abilities, Weirdness & Mutations

You have extremely sharp teeth.
Your natural rate of healing is unusually fast.
When hurt, damage is shared between your health and your magic reserves.
Your bite disrupts and absorbs the magic of your enemies.
Potions and wands cannot restore your health.
You are immune to rotting.


Message History

You barely miss the orc. Your bite misses the orc.
The orc is lightly wounded.
The ball python barely misses you.
* * * LOW HITPOINT WARNING * * *
The ball python constricts you. The orc barely misses you.
The ball python completely misses you. The ball python constricts you.
Drink which item? (? for menu, Esc to quit)
It was a potion of curing.
That felt strangely inert.
The ball python misses you. The ball python constricts you.
The orc barely misses you.
You hit the orc. Your bite misses the orc.
The orc is heavily wounded.
The ball python bites you. The ball python constricts you. The orc hits you.
* * * LOW HITPOINT WARNING * * *
Drink which item? (? for menu, Esc to quit)
Okay, then.
You punch the orc!
You kill the orc!
The ball python misses you.
You die...

..# #.# .# . #.#
###.##.#.# #.#
#......#.## #.#
#.#....=... #.#
#.#<...>.o.
##.######.#o.......
#.........#oo......
#...#######S#######
#.#.## #@# #.#..#
#)# #.##.# #.#
#....## #.# ###...#
#.# #...#.## #.#
#.###..# #.# #.#
##.## #.# #.####..#
.#


You could see 3 orcs and a ball python.

Vanquished Creatures
  An orc priest (D:3)
  3 adders (D:2)
  A worm (D:2)
  A giant gecko (D:3)
  3 orcs (D:3)
  4 bats (D:1)
  9 hobgoblins
  4 kobolds
  A quokka (D:2)
  3 giant cockroaches
  6 giant newts
  2 goblins (D:1)
  8 rats
46 creatures vanquished.

Notes
Turn   | Place    | Note
--------------------------------------------------------------
     0 | D:1      | septik the Vine Stalker Monk began the quest for the Orb.
     0 | D:1      | Reached XP level 1. HP: 11/11 MP: 2/2
    90 | D:1      | Reached XP level 2. HP: 14/16 MP: 3/3
   520 | D:2      | Reached skill level 5 in Unarmed Combat
   520 | D:2      | Reached XP level 3. HP: 16/19 MP: 2/4
   704 | D:2      | Reached XP level 4. HP: 13/23 MP: 5/5
  1193 | D:3      | Reached skill level 6 in Unarmed Combat
  1197 | D:3      | HP: 1/23 [orc (2)]
  1198 | D:3      | Slain by a ball python

Action                   |  1- 3 |  4- 6 || total
-------------------------+-------+-------++-------
Melee: Unarmed           |    78 |    36 ||   114
  Use: Potion            |       |     2 ||     2
 Stab: Sleeping          |     5 |     3 ||     8
  Eat: Chunk             |       |     1 ||     1
